 Dungeon Crawl Stone Soup version 0.28.0-47-ge53b351184 (webtiles) character file.

Game seed: 4758869650825437149

700 bobregger the Skirmisher (level 7, -3/79 HPs)
             Began as an Ogre Berserker on Apr 30, 2022.
             Was a Believer of Trog.
             Shot with an arrow by a centaur (14 damage)
             ... on level 6 of the Dungeon.
             The game lasted 00:08:39 (8759 turns).

bobregger the Skirmisher (Ogre Berserker)           Turns: 8759, Time: 00:08:40

Health: -3/79      AC:  3    Str: 22    XL:     7   Next: 65%
Magic:  7/7        EV: 11    Int:  8    God:    Trog [**....]
Gold:   155        SH:  0    Dex: 10    Spells: 6/6 levels left

rFire   . . .      SeeInvis .   o - +0 flail
rCold   . . .      Faith    .   (no shield)
rNeg    . . .      Spirit   .   b - +0 animal skin
rPois   .          Reflect  .   (helmet restricted)
rElec   .          Harm     .   (no cloak)
rCorr   .          Rampage  .   (gloves unavailable)
Will    .....                   (boots unavailable)
Stlth   +.........              (no amulet)
HPRegen 0.23/turn               (no ring)
MPRegen 0.10/turn               (no ring)

@: no status effects
A: large, unfitting armour, tough skin 1
a: Renounce Religion, Berserk, Trog's Hand


You were on level 6 of the Dungeon.
You worshipped Trog.
Trog was pleased with you.
You visited 1 branch of the dungeon, and saw 6 of its levels.

You collected 155 gold pieces.

Inventory:

Hand Weapons
 o - a +0 flail (weapon)
Armour
 b - a +0 animal skin (worn)
Jewellery
 e - a ring of positive energy
 h - an amulet of faith
Wands
 l - a wand of digging (5)
Scrolls
 a - a scroll of brand weapon {unknown}
 c - a scroll of enchant armour {unknown}
 d - a scroll of acquirement {unknown}
 f - 5 scrolls of magic mapping {unknown}
 i - 2 scrolls of fear {unknown}
 j - a scroll of immolation {unknown}
 k - a scroll of holy word {unknown}
 m - a scroll of enchant weapon {unknown}
 p - 2 scrolls of silence {unknown}
 q - a scroll of fog {unknown}
 r - a scroll of vulnerability {unknown}
 s - 3 scrolls of identify {unknown}
 t - a scroll of noise {unknown}
 u - a scroll of amnesia {unknown}
Potions
 g - 2 potions of lignification
 n - a potion of heal wounds {unknown}
 v - 2 potions of degeneration {unknown}


   Skills:
 * Level 7.8 Fighting
 + Level 4.2 Maces & Flails
 * Level 5.4 Dodging


You had 6 spell levels left.
You didn't know any spells.
Your spell library was empty.

Dungeon Overview and Level Annotations

Branches:
Dungeon (6/15)             Temple (0/1) D:4

Altars:
Yredelemnul


Innate Abilities, Weirdness & Mutations

You are too large for most types of armour.
You have tough skin. (AC +1)


Message History

The orc hits you with a +0 trident!
You hit the orc.
You kill the orc!
Trog accepts your kill.
No target in view!
No target in view!
No target in view!
No target in view!
No target in view!
No target in view!
No target in view!
No target in view!
HP restored.
Found 7 gold pieces.
Things that are here:
a +0 trident; a +0 chain mail; an orc corpse A wyvern skeleton comes into view.
A wyvern skeleton is nearby!
A wyvern skeleton is nearby!
A centaur comes into view.
You see here 10 gold pieces.
The centaur wields a +0 shortbow.
The centaur shoots an arrow.
The arrow hits you!
The centaur shoots an arrow.
The arrow hits you!
The centaur shoots an arrow.
The arrow hits you!
The centaur shoots an arrow.
The arrow hits you!
The centaur shoots an arrow.
The arrow hits you.
You see here 10 gold pieces.
The centaur shoots an arrow.
The arrow hits you!
The centaur shoots an arrow.
The arrow barely misses you. The wyvern skeleton closely misses you.
The centaur shoots an arrow.
The arrow hits you.
The centaur shoots an arrow.
The arrow closely misses you.
The centaur shoots an arrow.
The arrow hits you!
The centaur shoots an arrow.
The arrow barely misses you. The wyvern skeleton bites you!
* * * LOW HITPOINT WARNING * * *
The wyvern skeleton bites you.
* * * LOW HITPOINT WARNING * * *
The centaur shoots an arrow.
The arrow hits you!
You die...

.............#.....#
.#.......##.......##
.........##........#.
P.....c..............
.........$..#).....#
P♣....?............#
♣..#.##..Z...[......
...#.........####..##
. .......@...# ##
###...#....##
#............
#..............
...P.P.P.P.P.P.P
................
................
................


You could see a centaur and a wyvern skeleton.

Vanquished Creatures
  A centaur (D:5)
  2 scorpions (D:5)
  A wyvern skeleton (D:5)
  A howler monkey (D:4)
  3 hounds
  An iguana (D:5)
  An orc wizard (D:4)
  A hound skeleton (D:4)
  A hound zombie (D:5)
  Robin (D:3)
  4 gnolls
  7 adders
  2 adder skeletons (D:4)
  2 worms
  A dart slug (D:4)
  11 orcs
  10 ball pythons
  8 bats
  6 endoplasms
  4 giant cockroaches
  17 goblins
  9 hobgoblins
  13 jackals
  4 kobolds
  2 quokkas
  6 frilled lizards
  4 rats
123 creatures vanquished.

Notes
Turn   | Place    | Note
-------+----------+-------------------------------------------
     0 | D:1      | bobregger the Ogre Berserker began the quest for the Orb.
     0 | D:1      | Reached XP level 1. HP: 24/24 MP: 1/1
   287 | D:1      | Reached XP level 2. HP: 32/32 MP: 2/2
   557 | D:1      | Reached ** piety under Trog
   797 | D:1      | Reached XP level 3. HP: 38/40 MP: 3/3
  1273 | D:2      | Found a basalt altar of Yredelemnul.
  2265 | D:3      | Reached skill level 5 in Fighting
  2340 | D:3      | Reached XP level 4. HP: 50/50 MP: 4/4
  3030 | D:3      | Noticed Robin
  3104 | D:3      | Killed Robin
  4070 | D:3      | Reached XP level 5. HP: 15/58 MP: 5/5
  5320 | D:4      | Reached skill level 6 in Fighting
  5329 | D:4      | Reached XP level 6. HP: 49/67 MP: 6/6
  5703 | D:4      | Found a staircase to the Ecumenical Temple.
  6470 | D:5      | Entered Level 5 of the Dungeon
  6748 | D:4      | Reached skill level 7 in Fighting
  6956 | D:5      | Reached skill level 5 in Dodging
  6956 | D:5      | Reached XP level 7. HP: 77/78 MP: 7/7
  8759 | D:6      | Shot with an arrow by a centaur

Illustrated notes

Levels and vault maps discovered:
D:1:      ebering_hopf_link, layout_loops_cross, minmay_pentomino_s4
D:2:      layout_basic, basic_altar
D:3:      kennysheep_goblin_castle, layout_basic, serial_glass, glass_columns_b,
          glass_columns_a
D:4:      layout_loops_ring, minmay_temple_entry_junction, grunt_ministairs_2
D:5:      layout_basic, chequers_serial_rivers_large_a, chequers_jeans
D:6:      layout_cave_pools, serial_shops, nicolae_take_the_stairs, serial_park,
          serial_park_tiny_2, serial_park_gazebo [serial_park_minivault_5x5_6],
          serial_park_avenue1, serial_park_square3
          [serial_park_minivault_5x5_6], uniq_pikel, uniq_duvessa,
          uniq_prince_ribbit1, uniq_menkaure

Skill      XL: |  1  2  3  4  5  6  7 |
---------------+----------------------+-----
Dodging        | 3 4 5 |  5.4
Maces & Flails | 3 4 |  4.2
Fighting       | 5 6 7 |  7.8

Action                   |  1- 3 |  4- 6 |  7- 9 || total
-------------------------+-------+-------+-------++-------
Melee: Mace              |   129 |    88 |       ||   217
       Punch             |     1 |     1 |     1 ||     3
       Flail             |       |   114 |    61 ||   175
Invok: Berserk           |     2 |     7 |     1 ||    10
       Trog's Hand       |       |     1 |       ||     1
  Use: Potion            |       |     2 |     2 ||     4
 Stab: Sleeping          |     2 |       |       ||     2
Armor: Animal skin       |    58 |    84 |    16 ||   158
       Skin              |       |       |     8 ||     8
Dodge: Dodged            |    71 |   199 |    57 ||   327
